cohdb
Replays
Latest Replays
All Replays
Popular Replays
Top Player Replays
Match Explorer
How It Works
Community
CoH3 Stats
Reddit
Sign in to upload your games and track your stats! →
Sign in with Steam
Match 43437501
Unlisted
Match 43437501
Overview
Messages
Build Orders
End
Construct Barracks
Selects Special Operations Battlegroup
Riflemen Squad
1⁄4-ton 4x4 Truck
Riflemen Squad
Grenade Package
Riflemen Squad
Mechanized Support Center
Selects Raiding Flares
Construct Weapon Support Center
Selects SSF Commando Squad
SSF Commando Squad
rudewoi
Only Furb
Bananenratte
Nico-Nico-Nii~~
0
0
Comments
sign in to comment!
No comments posted yet!